 Dungeon Crawl Stone Soup version 0.30.0-19-g36f170ea60 (webtiles) character file.

Game seed: 8708987255357805321

924 jasper the Sneak (level 7, -8/35 HPs)
             Began as a Spriggan Earth Elementalist on May 27, 2023.
             Was an Initiate of Sif Muna.
             Mangled by an iguana (13 damage)
             ... on level 6 of the Dungeon.
             The game lasted 00:08:09 (4139 turns).

jasper the Sneak (Spriggan Earth Elementalist)      Turns: 4139, Time: 00:08:09

Health: -8/35      AC:  2    Str:  3 (4)  XL:     7   Next: 84%
Magic:  21/21      EV: 19    Int: 19      God:    Sif Muna [......]
Gold:   249        SH:  0    Dex: 17      Spells: 4/12 levels left

rFire   . . .        s - +9 flail of Terra Cotta {elec, Drain rC+++ Dex+2 Stlth+}
rCold   + + +        (no shield)
rNeg    . . .        a - +0 robe
rPois   .            (helmet restricted)
rElec   .            (no cloak)
rCorr   .            (gloves unavailable)
SInv    +            (boots unavailable)
Will    +....        k - amulet of magic regeneration
Stlth   ++++         g - ring of magical power
HPRegen 0.25/turn    i - ring of protection from cold
MPRegen 0.57/turn

%: no passive effects
@: studying Armour, very quick
A: very small, no large weapons, unfitting armour, see invisible, speed 3
a: Renounce Religion


You were on level 6 of the Dungeon.
You worshipped Sif Muna.
Sif Muna was noncommittal.
You visited 2 branches of the dungeon, and saw 7 of its levels.

You collected 376 gold pieces.
You spent 127 gold pieces at shops.

Inventory:

Hand Weapons
 h - a +2 dagger of venom
 s - the +9 flail of Terra Cotta (weapon) {elec, Drain rC+++ Dex+2 Stlth+}
   (You bought it in a shop on level 2 of the Dungeon)

   Dex:       It affects your dexterity (+2).
   rC:        It renders you almost immune to cold.
   Drain:     It drains your maximum health when unequipped.
   Stlth:     It makes you more stealthy.
Missiles
 c - 61 stones
Armour
 a - a +0 robe (worn)
Jewellery
 g - a ring of magical power (left hand)
 i - a ring of protection from cold (right hand)
 k - an amulet of magic regeneration (around neck)
 m - a ring of fire
 q - a ring of willpower
 y - a ring of wizardry
Wands
 x - a wand of acid (1)
Scrolls
 b - a scroll of fog
 d - 4 scrolls of teleportation
 o - a scroll of silence
 p - 2 scrolls of identify
 t - a scroll of summoning {unknown}
 u - a scroll of blinking {unknown}
 v - a scroll of poison {unknown}
 w - a scroll of noise {unknown}
 z - a scroll of amnesia
Potions
 e - 3 potions of might
 f - 2 potions of mutation
 j - 2 potions of flight
 l - 3 potions of magic
 n - a potion of haste
 r - a potion of lignification


   Skills:
 + Level 2.3 Fighting
 + Level 4.9 Dodging
 + Level 5.7 Stealth
 - Level 3.0 Spellcasting
 - Level 2.8 Conjurations
 - Level 3.6 Translocations
 - Level 1.3 Transmutations
 - Level 5.2 Earth Magic


You had 4 spell levels left.
You knew the following spells:

 Your Spells              Type           Power      Damage    Failure   Level
a - Sandblast             Erth           44%        2d11      1%          1
b - Passwall              Tmut/Erth      12%        N/A       6%          2
c - Stone Arrow           Conj/Erth      36%        3d9       9%          3
d - Blink                 Tloc           32%        N/A       5%          2

Your spell library contained the following spells:

 Spells                   Type           Power      Damage    Failure   Level
 Lesser Beckoning         Tloc           32%        N/A       5%          2
 Momentum Strike          Conj/Tloc      30%        3d8       6%          2
 Petrify                  Tmut/Erth      15%        N/A       36%         4
 Frozen Ramparts          Ice            4%         1d1       41%         3
 Ice Form                 Ice/Tmut       5%         N/A       75%         4
 Summon Ice Beast         Ice/Summ       2%         N/A       83%         4


Dungeon Overview and Level Annotations

Branches:
Dungeon (6/15)             Temple (1/1) D:6

Altars:
Cheibriados
Dithmenos
Gozag
Makhleb
Okawaru
Qazlal
Ru
Sif Muna
Uskayaw
Wu Jian
Xom
Yredelemnul
Zin
The Shining One

Shops:
D:2 (   D:3 (


Innate Abilities, Weirdness & Mutations

You are very small and have problems with some larger weapons.
You are too small for most types of armour.
You have supernaturally acute eyesight. (SInv)
You cover ground extremely quickly. (Speed+++)


Message History

Found a stone staircase leading down.
Health restored: 35; MP restored: 21 You now have 249 gold pieces (gained 10).
u - a scroll labelled CIVEW ILINOERI
p - 2 scrolls of identify (gained 1)
An iguana comes into view.
The blast of sand hits the iguana but does no damage.
The iguana hisses angrily.
You now have 20/21 mp.
The blast of sand hits the iguana but does no damage.
The blast of sand hits the iguana!
The iguana is heavily wounded.
The iguana bites you! The iguana closely misses you.
You take 11 damage, and have 24/35 hp.
MASSIVE DAMAGE!!
You are too injured to fight recklessly!
You are too injured to fight recklessly!
You hit the iguana but do no damage.
The iguana is heavily wounded.
The iguana misses you.
MP restored: 21
Casting: Sandblast (safe; 1% risk of failure)
Confirm with . or Enter, or press ? or * to list all spells.
Aiming: Sandblast (safe; 1% risk of failure)
Press: ? - help, Shift-Dir - straight line, f/p - iguana
Aim: an iguana (heavily wounded, 85% to hit)
The blast of sand hits the iguana but does no damage.
The iguana is heavily wounded.
The iguana bites you!
You take 6 damage, and have 18/35 hp.
Casting: Sandblast (safe; 1% risk of failure)
Confirm with . or Enter, or press ? or * to list all spells.
Aiming: Sandblast (safe; 1% risk of failure)
Press: ? - help, Shift-Dir - straight line, f/p - iguana
Aim: an iguana (heavily wounded, 85% to hit)
The blast of sand hits the iguana but does no damage.
The iguana is heavily wounded.
The iguana bites you!
* * * LOW HITPOINT WARNING * * *
The iguana bites you!
You die...

.........#
######.#.#
..#.#.# #
#.#.#.#
#.#.#.#.#
#.#.#.#.#
#.....#.#
#l....#
#@#.###
#####


You could see an iguana.

Vanquished Creatures
  2 black bears (D:6)
  A sky beast (D:4)
  An ogre (D:4)
  A phantom (D:5)
  A scorpion (D:6)
  4 hounds
  An orc priest (D:6)
  2 jellies
  An orc wizard (D:6)
  2 iguanas
  5 adders
  3 ufetubi (D:6)
  A worm (D:2)
  A dart slug (D:2)
  12 orcs
  4 endoplasms
  3 giant cockroaches
  6 goblins
  9 hobgoblins
  3 jackals (D:1)
  5 kobolds
  5 quokkas
  2 ball pythons (D:2)
  4 bats
  3 frilled lizards
  5 rats
87 creatures vanquished.

Notes
Turn   | Place    | Note
-------+----------+-------------------------------------------
     0 | D:1      | jasper the Spriggan Earth Elementalist began the quest for
                  | the Orb.
     0 | D:1      | Reached XP level 1. HP: 9/9 MP: 5/5
   108 | D:1      | Reached XP level 2. HP: 13/13 MP: 5/7
   111 | D:1      | Learned a level 2 spell: Passwall
   602 | D:1      | Reached XP level 3. HP: 12/16 MP: 1/8
   606 | D:1      | Learned a level 3 spell: Stone Arrow
   998 | D:2      | Learned a level 2 spell: Blink
  1142 | D:2      | Found Duemucu's Antique Weapon Shoppe.
  1750 | D:3      | You fall into a shaft and drop 1 floor!
  1791 | D:4      | Reached skill level 1 in Conjurations
  1843 | D:4      | Reached XP level 4. HP: 21/21 MP: 9/9
  1892 | D:4      | Noticed an ogre
  1911 | D:4      | Killed an ogre
  1912 | D:4      | Reached XP level 5. HP: 24/24 MP: 10/10
  2048 | D:3      | Found Seleufen's Weapon Emporium.
  2102 | D:2      | Bought a buzzing flail for 127 gold pieces
  2102 | D:2      | Identified the +9 flail of Terra Cotta {elec, Drain rC+++
                  | Dex+2 Stlth+} (You bought it in a shop on level 2 of the
                  | Dungeon)
  2391 | D:3      | Found a faded altar of an unknown god.
  2799 | D:4      | Reached skill level 5 in Earth Magic
  2799 | D:4      | Noticed a sky beast
  2804 | D:4      | Killed a sky beast
  2805 | D:4      | Reached XP level 6. HP: 19/28 MP: 11/11
  2952 | D:5      | Entered Level 5 of the Dungeon
  2979 | D:5      | Reached skill level 1 in Translocations
  3326 | D:6      | Reached XP level 7. HP: 32/32 MP: 12/12
  3387 | D:6      | Reached skill level 1 in Fighting
  3554 | D:6      | Found a staircase to the Ecumenical Temple.
  3564 | Temple   | Entered the Ecumenical Temple
  3635 | Temple   | Became a worshipper of Sif Muna the Loreminder
  3853 | D:6      | Reached skill level 5 in Stealth
  4139 | D:6      | Mangled by an iguana

Illustrated notes

Levels and vault maps discovered:
D:1:      minmay_arrival_cross, layout_basic
D:2:      layout_loops_cross, serial_shops, shop
D:3:      layout_basic, serial_shops, shop, shapermc_ecumenical_altar_pompeii,
          kennysheep_generic_room_2
D:4:      layout_rooms
D:5:      layout_basic, mainiacjoe_overflow_catwalk,
          nicolae_overflow_hidden_temple
D:6:      layout_basic, minmay_temple_entry_ruins, minmay_manual_monstrance
Temple:   jpeg_temple_clearing

Skill      XL: |  1  2  3  4  5  6  7 |
---------------+----------------------+-----
Spellcasting   | 3 |  3.0
Earth Magic    | 3 4 5 |  5.2
Conjurations   | 1 2 |  2.8
Translocations | 3 |  3.6
Dodging        | 3 4 |  4.9
Fighting       | 2 |  2.3
Stealth        | 5 |  5.7
Transmutations | |  1.3

Action                     |  1- 3 |  4- 6 |  7- 9 || total
---------------------------+-------+-------+-------++-------
  Melee: Unarmed           |     3 |       |       ||     3
         Flail             |       |       |     2 ||     2
  Throw: Stone             |     1 |       |       ||     1
   Cast: Sandblast         |    77 |    53 |    39 ||   169
    Use: Potion            |     1 |       |     5 ||     6
         Scroll            |     5 |     5 |       ||    10
 Armour: Robe              |     3 |     1 |     2 ||     6
         Skin              |       |       |     4 ||     4
  Dodge: Dodged            |    28 |    10 |    37 ||    75
